 Dungeon Crawl Stone Soup version 0.13-a0-2001-g039544c (webtiles) character file.

4094 M4edhros the Spear-Bearer (level 9, -2/63 HPs)
             Began as a Mummy Gladiator on June 25, 2013.
             Was a Believer of Lugonu.
             Killed by a spatial distortion (4 damage)
             ... on Level 7 of the Dungeon.
             The game lasted 00:50:37 (25909 turns).

M4edhros the Spear-Bearer (Mummy Gladiator)        Turns: 25909, Time: 00:50:37

HP  -2/63        AC 20     Str 17 (18) XL: 9   Next: 92%
MP  15/15        EV  4     Int 12 (15) God: Lugonu [**....]
Gold 377         SH  0     Dex 12      Spells:  1 memorised, 12 levels left

Res.Fire  : x . .   See Invis. : .   a - +1,+0 trident
Res.Cold  : + . .   Warding    : .   v - +0 dwarf plate armour
Life Prot.: + + +   Conserve   : .   (no shield)
Res.Poison: +       Res.Corr.  : .   c - +0 helmet
Res.Elec. : .       Clarity    : .   o - +0 elf cloak
Sust.Abil.: . .     Spirit.Shd : .   p - +2 pair of elf gauntlets
Res.Mut.  : .       Stasis     : .   (no boots)
Res.Rott. : +       Flight     : .   (no amulet)
Saprovore : . . .                    h - +2 ring of protection
                                     g - +5 ring of intelligence

@: somewhat resistant to hostile enchantments, extremely unstealthy
A: no food or potions, fire vulnerability, restore body, cold resistance 1, life
protection 3, poison resistance, torment resistance, unbreathing
a: Depart the Abyss, Bend Space, Renounce Religion


You were on level 7 of the Dungeon.
You worshipped Lugonu.
Lugonu was most pleased with you.
You were not hungry.

You visited 2 branches of the dungeon, and saw 9 of its levels.
You visited the Abyss 1 time.
You also visited: Sewer.

You collected 465 gold pieces.
You spent 108 gold pieces at shops.

Inventory:

Hand weapons
 a - a +1,+0 trident (weapon)
 e - a cursed -3,-3 crossbow
 r - a +2,+2 spear of returning (quivered)
 u - a +0,+0 sling
Missiles
 d - 3 throwing nets
Armour
 c - a +0 helmet (worn)
 f - a +0 leather armour of fire resistance
 o - a +0 elven cloak (worn)
 p - a +2 pair of elven gauntlets (worn)
 v - a +0 dwarven plate armour (worn)
 A - the +0 troll leather armour "Khokkoos" {rN+ Acc+4}
   (You found it in a sewer)

   It affects your accuracy (+4).
   It protects you from negative energy.
Magical devices
 n - a wand of digging (15)
 w - a wand of digging (12)
 z - a wand of frost (0)
Scrolls
 b - 2 scrolls of fog
 i - 2 scrolls of remove curse
 j - a scroll of enchant armour {unknown}
 k - 4 scrolls of recharging {unknown}
 l - 5 scrolls of identify
 m - a scroll of blinking {unknown}
 q - a scroll of amnesia {unknown}
 s - a scroll of enchant weapon II
Jewellery
 g - a +5 ring of intelligence (left hand)
 h - a +2 ring of protection (right hand)
Books
 x - a book of Death

   Spells                             Type                      Level
   *Corpse Rot                        Necromancy                   2
   Sublimation of Blood               Necromancy                   2
   Agony                              Necromancy                   5
   Dispel Undead                      Necromancy                   5
   Excruciating Wounds                Charms/Necromancy            5
   Bolt of Draining                   Conjuration/Necromancy       6


   Skills:
 - Level 2.0 Fighting
 - Level 9.0 Polearms
 - Level 1.5 Throwing
 * Level 3.9 Armour
 - Level 2.4 Dodging
 + Level 3.3 Spellcasting
 * Level 3.8 Necromancy
 * Level 3.5 Invocations


You had 12 spell levels left.
You knew the following spells:

 Your Spells              Type           Power        Failure   Level  Hunger
a - Corpse Rot            Necr           N/A          100%        2    N/A

Dungeon Overview and Level Annotations

Branches:
Dungeon (8/27)             Temple (1/1) D:4
    Orc: D:6-11        Lair: D:8-13

Altars:
Ashenzari
Cheibriados
Elyvilon
Fedhas
Kikubaaqudgha
Makhleb
Nemelex Xobeh
Okawaru
Sif Muna
Trog
Vehumet
Xom
Yredelemnul
Zin
the Shining One

Shops:
D:6: *

Annotations
D:4 Edmund
D:7 Dowan


Innate Abilities, Weirdness & Mutations

You do not eat or drink.
Your flesh is vulnerable to fire.
Your flesh is cold resistant.
You are immune to negative energy.
Your system is resistant to poisons.
You are immune to unholy pain and torment.
You can survive without breathing.


Message History

You hit the killer bee.
The killer bee is severely wounded.
The killer bee stings you.
* * * LOW HITPOINT WARNING * * *
The killer bee stings you.
* * * LOW HITPOINT WARNING * * *
You closely miss the killer bee.
The killer bee is severely wounded.
The killer bee stings you but does no damage.
You miss the killer bee.
The killer bee is severely wounded.
The killer bee stings you.
* * * LOW HITPOINT WARNING * * *
You miss the killer bee.
The killer bee is severely wounded.
The killer bee barely misses you.
The killer bee stings you but does no damage.
Use which ability? (? or * to list) Space bends around you!
You blink.
You die...

###########################
.........k§...............#
..........................#
................@.........#
#####.....................#
....#..................e..#
....#.#############..####.#
....#.# #..# #.# ....#.#
#..# #.# ....#.# #..# #.#
....+.# #..# #.# ..%.#.#
#..# #.#


You could see Dowan (wandering) and a killer bee.

Vanquished Creatures
  2 wraiths
  Eustachio (D:4)
  A hungry ghost (D:8)
  3 ogres
  A black bear (D:8)
  2 orc warriors
  2 centaurs
  A hippogriff skeleton (D:5)
  Duvessa (D:7)
  A gnoll sergeant (D:8)
  A black bear zombie (D:5)
  7 giant frogs
  A giant frog zombie (D:5)
  A centaur skeleton (D:5)
  5 killer bees (D:8)
  2 iron imps (D:4)
  4 crimson imps
  A big fish (D:4)
  5 hounds
  Crazy Yiuf (D:5)
  A gnoll shaman (D:8)
  6 orc priests
  2 iguanas
  8 orc wizards
  6 worker ants
  A jelly (D:5)
  Ijyb (D:2)
  3 gnolls (D:8)
  A lemure (D:4)
  A green rat (D:4)
  12 adders
  2 adder skeletons
  6 giant mites (Sewer)
  3 worms
  An ufetubus (D:4)
  A grey rat (D:4)
  6 giant geckos
  A gnoll skeleton (D:3)
  35 orcs
  A ball python (Sewer)
  13 giant cockroaches
  15 goblins
  13 hobgoblins
  24 bats
  11 giant newts
  A goblin skeleton (D:5)
  A hobgoblin skeleton (D:5)
  16 jackals
  13 kobolds
  7 quokkas
  18 rats
  A rat zombie (D:6)
274 creatures vanquished.

Vanquished Creatures (others)
  2 adders (D:3)
  An orc (D:4)
  A jackal (D:2)
  2 kobolds
  2 rats
  A fungus (D:5)
  A plant (D:3)
  3 starspawn tentacles (Abyss:1)
  31 starspawn tentacle segments (Abyss:1)
44 creatures vanquished.

Grand Total: 318 creatures vanquished

Notes
Turn   | Place    | Note
--------------------------------------------------------------
     0 | D:1      | M4edhros, the Mummy Gladiator, began the quest for the Orb.
     0 | D:1      | Reached XP level 1. HP: 17/17 MP: 0/0
   125 | D:1      | Reached XP level 2. HP: 20/23 MP: 1/1
   177 | D:1      | Reached skill level 3 in Polearms
   898 | D:2      | Reached XP level 3. HP: 26/28 MP: 2/2
  1053 | D:2      | Noticed Ijyb
  1065 | D:2      | Killed Ijyb
  1209 | D:2      | Found a glowing golden altar of the Shining One.
  1213 | D:2      | Found a glowing silver altar of Zin.
  1213 | D:2      | Found a white marble altar of Elyvilon.
  1238 | D:2      | Reached skill level 4 in Polearms
  1453 | D:3      | Found a blossoming altar of Fedhas.
  1485 | D:3      | Noticed a moth of wrath
  1488 | D:3      | Found a bloodstained altar of Trog.
  1630 | D:3      | Reached XP level 4. HP: 28/35 MP: 3/3
  2272 | D:4      | Noticed a centaur
  2273 | D:4      | Noticed an orc warrior
  2289 | D:4      | Reached XP level 5. HP: 29/40 MP: 4/4
  2298 | D:4      | Killed a centaur
  2298 | D:4      | Reached skill level 5 in Polearms
  2316 | D:4      | Found a shattered altar of Ashenzari.
  2317 | D:4      | Noticed Edmund
  2319 | D:4      | Noticed Eustachio
  2595 | D:4      | Reached XP level 6. HP: 26/46 MP: 5/5
  2623 | D:4      | Found a staircase to the Ecumenical Temple.
  2630 | D:4      | Noticed an ogre
  2671 | D:4      | Killed an ogre
  2671 | D:4      | Reached skill level 6 in Polearms
  2759 | D:4      | Found a glowing drain.
  2807 | Sewer    | Entered a sewer
  3075 | Sewer    | Reached XP level 7. HP: 45/51 MP: 6/6
  3327 | Sewer    | Reached skill level 7 in Polearms
  3331 | Sewer    | Got a faintly glowing troll leather armour
  3333 | Sewer    | Identified the +0 troll leather armour "Khokkoos" {rN+ Acc+4} (You found it in a sewer)
  3716 | D:4      | Noticed an ogre
  3750 | Temple   | Entered the Ecumenical Temple
  4134 | Temple   | Killed an ogre
  4213 | D:4      | Killed an orc warrior
  4421 | D:4      | Killed Eustachio
  4668 | D:5      | Entered Level 5 of the Dungeon
  4674 | D:5      | Reached skill level 8 in Polearms
  4674 | D:5      | Reached XP level 8. HP: 58/58 MP: 7/7
  4962 | D:5      | Found a snail-covered altar of Cheibriados.
  4989 | D:5      | Became a worshipper of Cheibriados the Contemplative
  5056 | D:5      | Noticed Crazy Yiuf
  5061 | D:5      | Killed Crazy Yiuf
  5344 | D:5      | Reached skill level 1 in Spellcasting
  5415 | D:5      | Reached skill level 1 in Armour
  5674 | D:6      | Acquired Cheibriados' first power
  5698 | D:6      | Found Fear's General Store.
  5711 | D:6      | Bought a scroll of teleportation for 36 gold pieces
  5711 | D:6      | Bought a scroll of teleportation for 36 gold pieces
  5711 | D:6      | Bought a scroll of teleportation for 36 gold pieces
  5749 | D:6      | Found a shimmering altar of Xom.
 10392 | D:2      | Reached skill level 9 in Polearms
 15013 | D:2      | Noticed a deep elf knight
 16123 | D:3      | Learned a level 2 spell: Corpse Rot
 17863 | D:3      | Yermak: smth new (:
 17863 | D:3      | M4edhros: hi : )
 17863 | D:3      | M4edhros: yee
 17863 | D:3      | M4edhros: trying mummy
 17863 | D:3      | Yermak: All servers seems to work strange for ME today
 17863 | D:3      | Yermak: Now I tried to open new tab and there is 'Loading...' on the screen for eternity
 17863 | D:3      | Yermak: and this happened quite often today
 17863 | D:3      | M4edhros: yep
 17863 | D:3      | M4edhros: i had the same
 17863 | D:3      | M4edhros: u just need to retry few times
 19914 | D:3      | Reached XP level 9. HP: 6/63 MP: 5/13
 20445 | D:3      | Acquired Cheibriados' second power
 21443 | D:3      | Noticed a yaktaur captain
 21532 | D:3      | Reached skill level 1 in Invocations
 23092 | D:4      | Cast into the Abyss (Edmund)
 23095 | Abyss:1  | Noticed a wretched star
 23211 | Abyss:1  | Noticed a hellwing
 23217 | Abyss:1  | Noticed a tentacled starspawn
 23219 | Abyss:1  | Paralysed by a giant eyeball for 4 turns
 23227 | Abyss:1  | Paralysed by a giant eyeball for 3 turns
 23230 | Abyss:1  | Noticed a hellwing
 23235 | Abyss:1  | Noticed an orange demon
 23237 | Abyss:1  | Noticed a sun demon
 23240 | Abyss:1  | Found a corrupted altar of Lugonu.
 23325 | Abyss:1  | Fell from the grace of Cheibriados
 23325 | Abyss:1  | Became a worshipper of Lugonu the Unformed
 23325 | Abyss:1  | Acquired Lugonu's first power
 23326 | D:4      | Escaped the Abyss
 23378 | D:3      | M4edhros: i just had to give up on cheibrodos and get lugonu
 23378 | D:3      | M4edhros: heh
 23378 | D:3      | M4edhros: mummy of lugonu
 23378 | D:3      | M4edhros: funny
 23378 | D:3      | M4edhros: brb in 2 hours
 23412 | D:3      | Noticed a yaktaur
 23413 | D:3      | Noticed a yaktaur
 24219 | D:7      | Reached skill level 1 in Necromancy
 24454 | D:6      | Found an ancient bone altar of Kikubaaqudgha.
 24455 | D:6      | Found a blossoming altar of Fedhas.
 24850 | D:7      | Noticed Duvessa
 24850 | D:7      | Noticed Dowan
 24883 | D:7      | Killed Duvessa
 25414 | D:7      | M4edhros: hi there Zofy
 25588 | D:8      | Found a shimmering altar of Xom.
 25735 | D:8      | Acquired Lugonu's second power
 25806 | D:8      | ZoFy: Herro. It's strange to see you not playing your exclusive combo but mummies are hardcore too.
 25807 | D:8      | M4edhros: what to do hmm
 25807 | D:8      | M4edhros: penetration
 25812 | D:8      | ZoFy: niiice
 25816 | D:8      | M4edhros: still
 25816 | D:8      | M4edhros: bad situation : )
 25907 | D:7      | HP: 2/63 [killer bee (4)]
 25909 | D:7      | Killed by a spatial distortion

Action                   |  1- 3 |  4- 6 |  7- 9 || total
-------------------------+-------+-------+-------++-------
Melee: Trident           |   138 |   260 |   968 ||  1366
       Spear             |       |       |     8 ||     8
Throw: Javelin           |       |       |    12 ||    12
       Spear             |       |       |     3 ||     3
 Cast: Corpse Rot        |       |       |     2 ||     2
Invok: Bend Time         |       |       |     5 ||     5
       Bend Space        |       |       |     4 ||     4
       Depart the Abyss  |       |       |     1 ||     1
       Temporal Distorti |       |       |     1 ||     1
Evoke: Wand              |     1 |     5 |    20 ||    26
  Use: Scroll            |       |       |    25 ||    25
 Stab: Distracted        |       |       |     1 ||     1
